Workbook

Sheet Сводная смета
C1: УТВЕРЖДАЮ:
C2: Директор учреждения
C3: ОГБУ "УКС Смоленской области"
C4: ___________ А.Н.Лозинов
A6: Бюджетная оценка капитальных затрат на «Строительство трансформаторной подстанции 110/10 кВ мощностью 2х40 МВА в особой экономической зоне промышленно-производственного типа «Стабна», расположенной по адресу: Смоленская область, Стабенское сельское поселение, с правой стороны автодороги Москва-Минск, между р. Колодня и р. Стабна, кадастровый номер земельного участка: 67:18:0030101:1835»
A7: СВОДНАЯ СМЕТА
A8: в ценах 3 кв.2024г.
A9: № смет | B9: Объект "под ключ" | C9: Стоимость тыс.руб. с НДС
A10: №1 | B10: Смета на ПИР ПС 110 кВ Стабна с использованием сущ. трансформаторов, ОРУ 110 кВ и КРУН | C10: ='ПС 110 кВ проектирование'!H7 -> 92214.598
A11: №2 | B11: Смета на строительство ПС 110 кВ Стабна с использованием сущ. трансформаторов, ОРУ 110 кВ и КРУН | C11: ='ПС 110 кВ строительство'!H35 -> 738089.47
A12: №3 | B12: Смета на ПИР заходов ВЛ 110 кВ | C12: ='ВЛ 110 кВ проектирование'!I6 -> 1921.7559
A13: №4 | B13: Смета на строительство заходов ВЛ 110 кВ | C13: ='ВЛ 110 кВ строительство'!I11 -> 38898.69
A14: №5 | B14: Государственная экспертиза проектной документации, результатов инженерных изысканий, проверка достоверности опредедления сметной стоимости. | C14: ='Расчет гос.эксп.'!F18 -> 4665.2041
B15: ИТОГО: | C15: =SUM(C10:C14) -> 875789.72
B16: (в том числе НДС 20%) | C16: ='Сводная смета'!C15-'Сводная смета'!C15/1.2 -> 145964.95
A17: Примечание:
A18: 1. Расчеты капитальных затрат выполнены на основании укрупненных нормативов цен типовых технологических решений капитального строительства объектов электроэнергетики в части объектов электросетевого хозяйства утвержденный приказом Минэнерго России от 26 февраля 2024 г. № 131

Sheet ПС 110 кВ проектирование
B1: Смета №1
A2: на ПИР объекта ПС110кВ Стабна с использованием сущ. Трансформаторов, ОРУ 110 кВ и КРУН
A3: № п/п | B3: Номер расценок | C3: Наименование расценок | D3: Норматив цены с учетом коэффициента для Смоленской области тыс.руб. без НДС) | E3: Измеритель | F3: Количество | G3: Всего по группе, разделу в ценах 1 кв.2023 г. (тыс.руб. без НДС) | H3: Всего по группе, разделу в ценах 1 кв.2023 г. (тыс.руб. с НДС)
A4: 1 | B4: П6-13 | C4: УНЦ на проектные и изыскательские работы для отдельных элементов электрических сетей от 501 до 1 001 | D4: 70916.85 | E4: 1 ПС | F4: 1 | G4: =D4*F4 -> 70916.85 | H4: =G4*1.2 -> 85100.22
A5: 2 | B5: П6-14 | C5: УНЦ на проектные и изыскательские работы для отдельных элементов электрических сетей от 501 до 1 002 (демонтаж) | D5: 0 | E5: 1 ПС | F5: 1 | G5: =D5*F5 -> 0 | H5: =G5*1.2 -> 0
C6: Итого: | G6: =SUBTOTAL(9,G4:G4) -> 70916.85 | H6: =G6*1.2 -> 85100.22
C7: Итого: с индексами фактической инфляции на 3 кв. 2024г. Январь 2024 / Январь 2023 (105,73%) Февраль 2024 / Январь 2024 (100,79%) Март 2024 / Февраль 2024 (99,88%) Апрель 2024 / Март 2024 (101,13% Май 2024 / Апрель 2024 (100,12%) Июнь 2024 / Май 2024 (99,01%) Июль 2024 / Июнь 2024 (100,48%) Август 2024 / Июль 2024 (100,52%) Сентябрь 2024 / Август 2024 (100,55%) Итого индекс фактической инфляции: 1,0573 * 1,0079 * 0,9988 * 1,0113 * 1,0012 * 0,9901 * 1,0048 * 1,0052 * 1,0055=1,0836 | G7: =G6*1.0836 -> 76845.499 | H7: =H6*1.0836 -> 92214.598
C8: в том числе:
C9: Проектная документация стадия (П) | D9: 0.35 | G9: =G7*0.35 -> 26895.925 | H9: =G9*1.2 -> 32275.109
C10: Проектная документация стадия (Р) | D10: 0.5 | G10: =G7*0.5 -> 38422.749 | H10: =G10*1.2 -> 46107.299
C11: Инженерные изыскания | D11: 0.15 | G11: =G7*0.15 -> 11526.825 | H11: =G11*1.2 -> 13832.19

Sheet ПС 110 кВ строительство
B1: Смета №2
A2: на строительство ПС110кВ Стабна с использованием сущ. Трансформаторов, ОРУ 110 кВ и КРУН
A3: № п/п | B3: Номер расценок | C3: Наименование расценок | D3: Норматив цены с учетом коэффициента для Смоленской области тыс.руб. без НДС) | E3: Измеритель | F3: Количество | G3: Всего по группе, разделу в ценах 1 кв.2023 г. (тыс.руб. без НДС) | H3: Всего по группе, разделу в ценах 1 кв.2023 г. (тыс.руб. с НДС)
A4: 1 | B4: М7-02 | C4: УНЦ на демонтажные работы зданий и сооружений. Здание ОПУ, РЩ35-750кВ | D4: 0 | E4: площадь застройки (м2) | F4: 1174.8 | G4: 0 | H4: 0
A5: 2 | B5: Т4-11-2 | C5: УНЦ ячейки двухобмоточного трансформатора 110 кВ (без учета стоимости оборудования К=0,4) | D5: =110987.03*1.1*1.09 -> 133073.45 | E5: 1 ячейка | F5: 2 | G5: =(D5*F5)*0.4 -> 106458.76 | H5: =G5*1.2 -> 127750.51 | I5: 140000
A6: 3 | B6: В1-02-1 | C6: УНЦ ячейки выключателя РУ 110 кВ (без учета стоимости оборудования, К-0,4) | D6: =39176.87*1.09 -> 42702.788 | E6: 1 ячейка | F6: 3 | G6: =(D6*F6)*0.4 -> 51243.346 | H6: =G6*1.2 -> 61492.015 | I6: 65000
A7: 4 | B7: Б1-2 | C7: УНЦ подготовки и устройства территории ПС | D7: 4.12 | E7: 1м2 | F7: 10000 | G7: =D7*F7 -> 41200 | H7: =G7*1.2 -> 49440
A8: 5 | B8: Р1-02-1 | C8: УНЦ ячейки ДГР 6 - 35 кВ | D8: 6501.47 | E8: 1 ячейка | F8: 2 | G8: =D8*F8 -> 13002.94 | H8: =G8*1.2 -> 15603.528
A9: 6 | B9: Р2-09-2 | C9: УНЦ ячейки реактора ТОР 6 - 35 кВ | D9: 7742.77 | E9: 1 ячейка | F9: 0 | G9: =D9*F9 -> 0 | H9: =G9*1.2 -> 0
A10: 7 | B10: В9-02-2 | C10: УНЦ ячейки выключателя КРУ с элегазовой изоляцией 6 - 35 кВ | D10: =2772.39*1.09 -> 3021.9051 | E10: 1 ячейка | F10: 24 | G10: =(D10*F10)-I10/1.2 -> 32525.722 | H10: =G10*1.2 -> 39030.867 | I10: =24*2000 -> 48000
A11: 8 | B11: А1-77 | C11: УНЦ ИИК. Установка программно-технического комплекса системы мониторинга и управления качеством электрической энергии | D11: 5342.21 | E11: 1 точка учета | F11: 3 | G11: =D11*F11 -> 16026.63 | H11: =G11*1.2 -> 19231.956
A12: 9 | B12: А1-78 | C12: УНЦ ИИК. Установка автоматизированного рабочего места АИИС КУЭ на ПС 35 - 750 кВ (без прикладного ПО) | D12: 570.68 | E12: 1 точка учета | F12: 10 | G12: =D12*F12 -> 5706.8 | H12: =G12*1.2 -> 6848.16
A13: 10 | B13: А2-02 | C13: УНЦ ИВКЭ | D13: 1128.8 | E13: 1 ед. | F13: 3 | G13: =D13*F13 -> 3386.4 | H13: =G13*1.2 -> 4063.68
A14: 11 | B14: А3-04-1 | C14: УНЦ АСУ ТП ПС и ТМ. АСУ ТП на ПС 35 - 110 кВ для решений с использованием протокола GOOSE с количеством присоединений класса напряжения 35 кВ и выше: 2 - 3 | D14: 61588.24 | E14: 1 ед. | F14: 1 | G14: =D14*F14 -> 61588.24 | H14: =G14*1.2 -> 73905.888
A15: 12 | B15: А3-07-1 | C15: УНЦ АСУ ТП ПС и ТМ. ТМ на ПС 35 - 220 кВ с количеством присоединений класса напряжения 35 кВ и выше: 2 - 3 | D15: 18349.69 | E15: 1 ед. | F15: 1 | G15: =D15*F15 -> 18349.69 | H15: =G15*1.2 -> 22019.628
A16: 13 | B16: А8-36 | C16: Приемопередатчик УПАСК по цифровым сетям связи на 16 передаваемых и 16 принимаемых команд для решений без использования протоколов GOOSE и SV | D16: 6864.43 | E16: 1 ед. | F16: 2 | G16: =D16*F16 -> 13728.86 | H16: =G16*1.2 -> 16474.632
A17: 14 | B17: А8-04 | C17: Шкаф автоматической частотной разгрузки (АЧР), автоматического ограничения снижения частоты (АОСН), дополнительной автоматической разгрузки (ДАР), устройств отбора напряжения (УОН) 6 - 220 кВ для решений без использования протоколов GOOSE и SV | D17: 6366.31 | E17: 1 ед. | F17: 1 | G17: =D17*F17 -> 6366.31 | H17: =G17*1.2 -> 7639.572
A18: 15 | B18: З4-01 | C18: ЗРУ | D18: 97.26 | E18: 1 м2. | F18: 40 | G18: =D18*F18 -> 3890.4 | H18: =G18*1.2 -> 4668.48
A19: 16 | B19: З4-03 | C19: ОПУ, РЩ | D19: 141.69 | E19: 1 м2. | F19: 315 | G19: =D19*F19 -> 44632.35 | H19: =G19*1.2 -> 53558.82
A20: 17 | B20: З8-10 | C20: Подъездная автодорога | D20: 10.68 | E20: 1 м2. | F20: 10000 | G20: =D20*F20 -> 106800 | H20: =G20*1.2 -> 128160
A21: 18 | B21: З8-13 | C21: Маслосборник | D21: 24.77 | E21: 1 м3. | F21: 100 | G21: =D21*F21 -> 2477 | H21: =G21*1.2 -> 2972.4
A22: 19 | B22: З8-17 | C22: Наружные сети водопровода/канализации | D22: 46 | E22: 1 п.м.. | F22: 150 | G22: =D22*F22 -> 6900 | H22: =G22*1.2 -> 8280
... A30: 27 | B30: И15-07 | C30: СКУД | D30: 212.14 | E30: 1 точка доступа | F30: 4 | G30: =D30*F30 -> 848.56 | H30: =G30*1.2 -> 1018.272
A31: 28 | B31: И15-08 | C31: Системы пожарной и охранной сигнализации | D31: 2.48 | E31: 1 м2. | F31: =F18+F19 -> 355 | G31: =D31*F31 -> 880.4 | H31: =G31*1.2 -> 1056.48
A32: 29 | B32: И15-09 | C32: Система периметральной сигнализации | D32: 10.45 | E32: 1 м периметра | F32: 345 | G32: =D32*F32 -> 3605.25 | H32: =G32*1.2 -> 4326.3
A33: 30 | B33: И15-10 | C33: Система охранного освещения | D33: 6.77 | E33: 1 м периметра | F33: 345 | G33: =D33*F33 -> 2335.65 | H33: =G33*1.2 -> 2802.78
C34: Итого: | G34: =SUM(G5:G33) -> 567621.41 | H34: =SUM(H5:H33) -> 681145.69
C35: Итого: с индексами фактической инфляции на 3 кв. 2024г. Январь 2024 / Январь 2023 (105,73%) Февраль 2024 / Январь 2024 (100,79%) Март 2024 / Февраль 2024 (99,88%) Апрель 2024 / Март 2024 (101,13% Май 2024 / Апрель 2024 (100,12%) Июнь 2024 / Май 2024 (99,01%) Июль 2024 / Июнь 2024 (100,48%) Август 2024 / Июль 2024 (100,52%) Сентябрь 2024 / Август 2024 (100,55%) Итого индекс фактической инфляции: 1,0573 * 1,0079 * 0,9988 * 1,0113 * 1,0012 * 0,9901 * 1,0048 * 1,0052 * 1,0055=1,0836 | G35: =G34*1.0836 -> 615074.56 | H35: =H34*1.0836 -> 738089.47

Sheet ВЛ 110 кВ проектирование
A1: Смета №3
A2: на ПИР Заходов ВЛ 110 кВ
A3: Мероприятие | B3: № п/п | C3: Номер расценок | D3: Наименование расценок | E3: Норматив цены с учетом коэффициента для Смоленской области тыс.руб. без НДС) | F3: Измеритель | G3: Количество | H3: Всего по группе, разделу в ценах 1 кв.2023 г. (тыс.руб. без НДС) | I3: Всего по группе, разделу в ценах 1кв.2023 г. (тыс.руб. с НДС)
B4: 1 | C4: П3-12 | D4: УНЦ на проектные и изыскательские работы по ВЛ | E4: 1477.91 | F4: 1 ВЛ | G4: 1 | H4: =E4*G4 -> 1477.91 | I4: =H4*1.2 -> 1773.492
A5: ИТОГО в тыс. руб. без НДС | D5: ИТОГО: | H5: =SUBTOTAL(9,H4:H4) -> 1477.91 | I5: =SUM(I4:I4) -> 1773.492
D6: Итого: с индексами фактической инфляции на 3 кв. 2024г. Январь 2024 / Январь 2023 (105,73%) Февраль 2024 / Январь 2024 (100,79%) Март 2024 / Февраль 2024 (99,88%) Апрель 2024 / Март 2024 (101,13% Май 2024 / Апрель 2024 (100,12%) Июнь 2024 / Май 2024 (99,01%) Июль 2024 / Июнь 2024 (100,48%) Август 2024 / Июль 2024 (100,52%) Сентябрь 2024 / Август 2024 (100,55%) Итого индекс фактической инфляции: 1,0573 * 1,0079 * 0,9988 * 1,0113 * 1,0012 * 0,9901 * 1,0048 * 1,0052 * 1,0055=1,0836 | H6: =H5*1.0836 -> 1601.4633 | I6: =I5*1.0836 -> 1921.7559
D7: в том числе:
D8: Проектная документация стадия (П) | E8: 0.35 | H8: =H6*0.35 -> 560.51215 | I8: =H8*1.2 -> 672.61458
D9: Проектная документация стадия (Р) | E9: 0.5 | H9: =H6*0.5 -> 800.73164 | I9: =H9*1.2 -> 960.87797
D10: Инженерные изыскания | E10: 0.15 | H10: =H6*0.15 -> 240.21949 | I10: =H10*1.2 -> 288.26339

Sheet ВЛ 110 кВ строительство
A1: Смета №4
A2: на строительство заходов ВЛ 110 кВ
A3: Мероприятие | B3: № п/п | C3: Номер расценок | D3: Наименование расценок | E3: Норматив цены с учетом коэффициента для Смоленской области тыс.руб. без НДС) | F3: Измеритель | G3: Количество | H3: Всего по группе, разделу в ценах 1 кв. 2023 г. (тыс.руб. без НДС) | I3: Всего по группе, разделу в ценах 1 кв.2023 г. (тыс.руб. с НДС)
A4: На металлических решетчатых опорах | B4: 1 | C4: Л2-04-3 | D4: УНЦ ВЛ 0,4 - 750 кВ на строительно-монтажные работы без опор и провода | E4: =305.98*1.09 -> 333.5182 | F4: 1 т опор | G4: 30 | H4: =E4*G4 -> 10005.546 | I4: =H4*1.2 -> 12006.655
B5: 2 | C5: Л4-03-2 | D5: УНЦ опор ВЛ 0,4 - 750 кВ | E5: =460.29*1.09 -> 501.7161 | F5: 1 т опор | G5: 30 | H5: =E5*G5 -> 15051.483 | I5: =H5*1.2 -> 18061.78
B6: 3 | C6: Л5-03 | D6: УНЦ провода ВЛ 0,4 - 750 кВ сталеалюминиевого типа | E6: =1109.82*1.09 -> 1209.7038 | F6: 1 км | G6: 0.95 | H6: =E6*G6 -> 1149.2186 | I6: =H6*1.2 -> 1379.0623
B7: 4 | C7: Л6-03 | D7: УНЦ грозотроса ВЛ | E7: =263.88*1.09 -> 287.6292 | F7: 1 км | G7: 0.95 | H7: =E7*G7 -> 273.24774 | I7: =H7*1.2 -> 327.89729
B8: 5 | C8: П9-10-2 | D8: УНЦ на разработку и утверждение ДПТ ВЛ (КЛ) по границам земельного участка | E8: 384.37 | F8: 1 км | G8: 1 | H8: =E8*G8 -> 384.37 | I8: =H8*1.2 -> 461.244
B9: 6 | C9: П10-01-1 | D9: УНЦ на кадастровые работы ВЛ (КЛ) и работы по установлению земельных отношений | E9: 3050.84 | F9: 100 км | G9: 1 | H9: =E9*G9 -> 3050.84 | I9: =H9*1.2 -> 3661.008
D10: ИТОГО : | H10: =SUBTOTAL(9,H4:H9) -> 29914.705 | I10: =SUBTOTAL(9,I4:I9) -> 35897.646
D11: Итого: с индексами фактической инфляции на 3 кв. 2024г. Январь 2024 / Январь 2023 (105,73%) Февраль 2024 / Январь 2024 (100,79%) Март 2024 / Февраль 2024 (99,88%) Апрель 2024 / Март 2024 (101,13% Май 2024 / Апрель 2024 (100,12%) Июнь 2024 / Май 2024 (99,01%) Июль 2024 / Июнь 2024 (100,48%) Август 2024 / Июль 2024 (100,52%) Сентябрь 2024 / Август 2024 (100,55%) Итого индекс фактической инфляции: 1,0573 * 1,0079 * 0,9988 * 1,0113 * 1,0012 * 0,9901 * 1,0048 * 1,0052 * 1,0055=1,0836 | H11: =H10*1.0836 -> 32415.575 | I11: =I10*1.0836 -> 38898.69

Sheet Расчет гос.эксп.
B1: СМЕТА № 5
B2: расчет стоимости государственной экспертизы
B4: «Строительство трансформаторной подстанции 110/10 кВ мощностью 2х40 МВА в особой экономической зоне промышленно-производственного типа «Стабна», расположенной по адресу: Смоленская область, Стабенское сельское поселение, с правой стороны автодороги Москва-Минск, между р. Колодня и р. Стабна, кадастровый номер земельного участка: 67:18:0030101:1835»
B5: Наименование предприятия, здания, сооружения, стадии проектирования, этапа, вида проектных
B8: № пп | C8: Характеристика предприятия, здания, сооружения или вид работ | D8: Номер частей, глав, таблиц, параграфов и пунктов указаний к разделу справочника базовых цен на проектные и изыскательские работы для строителей | E8: Расчет стоимости: (a+bx)*Kj или (стоимость строительно-монтажных работ)*проц./ 100 или количество * цена, руб. | F8: Стоимость работ, тыс.руб.
B9: 1 | C9: 2 | D9: 3 | E9: 4 | F9: 5
B10: Раздел 1. Государственная экспертиза
B11: 1 | C11: Плата за проведение государственной экспертизы проектной документации и (или) результатов инженерных изысканий для нежилых объектов капитального строительства, (8,77%) | D11: Таблица (п.56,п.58) РПнж = Спд х П х Кi + Сиж х П х Ki (8,77%) (Постановление Правительства РФ №145 от 05.03.2007 "О порядке организации и проведения государственной экспертизы проектной документации и результатов инженерных изысканий") | E11: (70916,85+1773,49)/6,1*(0,35+0,15)*0,0877)*7,44 | F11: =(70916.85+1773.49)/6.1*(0.35+0.15)*0.0877*7.44 -> 3887.67
D12: Индекс инфляции 3 кв.2024г. Кинф=6,92
C13: Итого по разделу 1 Государственная экспертиза | F13: =F11 -> 3887.67
C14: НДС 20% | F14: =F13*0.2 -> 777.53401
C15: Итого Поз. 1 | F15: 1 077 829,55
C16: НДС 20% | F16: 215 565,91
C17: ВСЕГО по смете | F17: 1 077 829,55
C18: ВСЕГО по смете | F18: =F13+F14 -> 4665.2041

Sheet расчет Кф2
A5: УНЦб | B5: 8892.97
A6: УНЦм | B6: 4680.51
A7: Харб | B7: 10
A8: Харм | B8: 5
A9: Хару | B9: 5.9
A11: Кф2 | B11: =((B5-B6)*(B9-B8))/((B7-B8)*B6) -> 0.16200004
